 Dungeon Crawl Stone Soup version 0.27-a0-1529-g1e82c303ef (webtiles) character file.

Game seed: 6471385015618269048

3941 Supercliff the Thaumaturge (level 10, -1/52 HPs)
             Began as a Deep Elf Conjurer on July 11, 2021.
             Was a Follower of Vehumet.
             Slain by a two-headed ogre (19 damage)
             ... on level 9 of the Dungeon.
             The game lasted 00:40:09 (8587 turns).

Supercliff the Thaumaturge (Deep Elf Conjurer)      Turns: 8587, Time: 00:40:10

Health: -1/52      AC:  8    Str:  2    XL:     10   Next: 1%
Magic:  1/28       EV: 16    Int: 27    God:    Vehumet [*.....]
Gold:   422        SH:  0    Dex: 13    Spells: 26/33 levels left

rFire    . . .     SeeInvis .   g - staff of conjuration
rCold    . . .     Faith    .   (no shield)
rNeg     . . .     Spirit   .   a - +0 robe
rPois    .         Reflect  .   (helmet restricted)
rElec    .         Harm     .   p - +2 cloak
rCorr    .         Rampage  .   (no gloves)
Will     ++...                  l - +2 pair of boots
Stlth    ++........             n - amulet of magic regeneration
HPRegen  0.17/turn              d - ring of willpower
MPRegen  0.46/turn              o - +4 ring of evasion

@: no status effects
A: horns 1, weak 1, MP-powered wands
a: Renounce Religion


You were on level 9 of the Dungeon.
You worshipped Vehumet.
Vehumet was aware of your devotion.
You visited 2 branches of the dungeon, and saw 10 of its levels.

You collected 422 gold pieces.

Inventory:

Hand Weapons
 b - a +4 morningstar of protection
 w - the +2 short sword "Ypnyriv" {vorpal, *Noise Int+4 Dex+4}
   (You found it on level 6 of the Dungeon)

   It inflicts extra damage upon your enemies.
   Int:       It affects your intelligence (+4).
   Dex:       It affects your dexterity (+4).
   *Noise:    It may make noises in combat.
Armour
 a - a +0 robe (worn)
 l - a +2 pair of boots (worn)
 p - a +2 cloak (worn)
Magical Staves
 g - a staff of conjuration (weapon)
 i - a staff of cold
 s - a staff of fire
Jewellery
 d - a ring of willpower (left hand)
 n - an amulet of magic regeneration (around neck)
 o - a +4 ring of evasion (right hand)
Wands
 k - a wand of digging (7)
 t - a wand of mindburst (19)
 u - a wand of polymorph (5)
Scrolls
 c - a scroll of amnesia {unknown}
 f - 5 scrolls of teleportation
 j - a scroll of magic mapping
 m - 6 scrolls of identify
 y - a scroll of blinking
Potions
 e - 5 potions of flight
 h - a potion of curing
 r - 2 potions of attraction {unknown}
 v - a potion of brilliance {unknown}
 x - 3 potions of heal wounds {unknown}


   Skills:
 - Level 1.0 Fighting
 - Level 2.4 Dodging
 - Level 2.4 Stealth
 * Level 12.3 Spellcasting
 + Level 11.2 Conjurations
 + Level 6.5 Hexes


You had 26 spell levels left.
You knew the following spells:

 Your Spells              Type           Power      Damage    Failure   Level
a - Magic Dart            Conj           100%       1d8       1%          1
b - Searing Ray           Conj           100%       3d7       1%          2
c - Fulminant Prism       Conj/Hex       38%        3d18      1%          4

Your spell library contained the following spells:

 Spells                   Type           Power      Damage    Failure   Level
 Foxfire                  Conj/Fire      100%       2x1d9     1%          1
 Shock                    Conj/Air       100%       1d9       1%          1
 Dazzling Flash           Conj/Hex       100%       N/A       1%          3
 Freeze                   Ice            64%        1d8       3%          1
 Hailstorm                Conj/Ice       63%        3d13      3%          4
 Iskenderun's Mystic Bla  Conj/Tloc      63%        2d13      3%          4
 Frozen Ramparts          Ice            32%        1d5       11%         3
 Swiftness                Air            16%        N/A       11%         3
 Airstrike                Air            8%         N/A       34%         4


Dungeon Overview and Level Annotations

Branches:
Dungeon (9/15)             Temple (1/1) D:6
   Lair: D:8-11         Orc: D:9-12

Altars:
Ashenzari
Cheibriados
Dithmenos
Elyvilon
Fedhas
Gozag
Hepliaklqana
Kikubaaqudgha
Makhleb
Nemelex Xobeh
Okawaru
Qazlal
Ru
Sif Muna
Trog
Uskayaw
Vehumet
Xom
Yredelemnul
Zin
The Shining One

Shops:
D:3 (


Innate Abilities, Weirdness & Mutations

You have a pair of small horns on your head.
You are weak. (Str -2)
You expend magic power (3 MP) to strengthen your wands.


Message History

Press: ? - help, Dir - move target You feel a surge of power!
You conjure a prism of explosive energy!
A fulminant prism comes into view.
Unknown command.
Casting: Fulminant Prism (dangerous; 1% risk of failure)
Confirm with . or Enter, or press ? or * to list all spells.
Aiming: Searing Ray (safe; 1% risk of failure)
Press: ? - help, Shift-Dir - straight line, f - two-headed ogre
Aim: a two-headed ogre, wielding a +0 giant club and a +0 great mace (heavily wounded, ally target, 92% to hit)
You feel a surge of power!
The searing ray hits the two-headed ogre!
The two-headed ogre is severely wounded. (Press . to maintain the ray.)
The two-headed ogre barely misses you.
The two-headed ogre completely misses you.
A yak comes into view.
Your fulminant prism crackles loudly.
The searing ray hits the two-headed ogre!
The two-headed ogre is almost dead.
The yak gores you.
The two-headed ogre hits you with a +0 giant club!!
Ouch! That really hurt!
The two-headed ogre misses you.
Your fulminant prism explodes!
The blast of energy engulfs the yak!!
You kill the yak!
Vehumet accepts your kill.
You hear a shout!
You have reached level 10!
Aiming: Magic Dart (safe; 1% risk of failure)
Press: ? - help, Q - select action, (/) - cycle Shift-Dir - straight line, f/p - two-headed ogre
Aim: a two-headed ogre, wielding a +0 giant club and a +0 great mace (almost dead, 100% to hit)
You feel a surge of power!
The magic dart hits the two-headed ogre.
The two-headed ogre is almost dead.
A kobold comes into view. It is wielding a +0 short sword.
The two-headed ogre misses you.
The two-headed ogre hits you with a +0 great mace!!
You die...

# # ############
#..........# #..........#
. #....))....# ..
#..........# ...
#...O@.)...#
#...##..)†######### ###
#.........#.......# #..
#......)..#.......# #..
#$........'.......# #..
#........Y#.......# #.<
#.......†)#.......# #..
#.......K.#.......# #..
#######'#####'############


You could see a two-headed ogre, a yak and a kobold.

Vanquished Creatures
  Maurice (D:8)
  Maggie (D:7)
  3 yaks (D:9)
  Edmund (D:5)
  A water moccasin (D:7)
  2 sky beasts
  2 orc warriors
  2 necrophages
  2 ogres (D:7)
  3 centaurs
  A kobold brigand (D:7)
  A wyvern zombie (D:8)
  4 bullfrogs
  3 scorpions
  4 killer bees (D:7)
  A howler monkey (D:9)
  A bullfrog zombie (D:5)
  4 orc priests
  2 bullfrog skeletons
  3 hounds
  5 jellies
  2 centaur skeletons
  4 iguanas
  7 orc wizards
  A hound skeleton (D:5)
  A howler monkey zombie (D:9)
  3 gnolls (D:7)
  4 adders
  An ufetubus (D:5)
  2 worms
  3 dart slugs
  20 orcs
  6 ball pythons
  3 endoplasms
  A giant cockroach (D:2)
  6 goblins
  A hobgoblin (D:4)
  8 jackals
  14 kobolds
  2 quokkas (D:2)
  2 bats
  6 frilled lizards
  4 rats
  4 fulminant prisms
152 creatures vanquished.

Vanquished Creatures (others)
  27 fulminant prisms
27 creatures vanquished.

Grand Total: 179 creatures vanquished

Notes
Turn   | Place    | Note
-------+----------+-------------------------------------------
     0 | D:1      | Supercliff the Deep Elf Conjurer began the quest for the
                  | Orb.
     0 | D:1      | Reached XP level 1. HP: 10/10 MP: 6/6
   435 | D:1      | Reached XP level 2. HP: 15/15 MP: 5/8
   471 | D:1      | Learned a level 2 spell: Searing Ray
   958 | D:2      | Reached skill level 5 in Conjurations
  1180 | D:2      | Reached XP level 3. HP: 19/19 MP: 6/10
  1233 | D:2      | Found a faded altar of an unknown god.
  1569 | D:2      | Reached skill level 4 in Spellcasting
  2008 | D:3      | Reached XP level 4. HP: 24/24 MP: 3/12
  2286 | D:3      | Found Vuoreezi's Weapon Emporium.
  2323 | D:3      | Reached skill level 5 in Spellcasting
  2413 | D:3      | Noticed a scorpion
  2420 | D:3      | Killed a scorpion
  2421 | D:3      | Reached XP level 5. HP: 22/28 MP: 5/15
  2510 | D:3      | Learned a level 4 spell: Fulminant Prism
  2980 | D:3      | Found an iron altar of Okawaru.
  3437 | D:4      | Noticed an orc warrior
  3450 | D:4      | Killed an orc warrior
  3451 | D:4      | Reached skill level 6 in Spellcasting
  3451 | D:4      | Reached skill level 1 in Hexes
  3451 | D:4      | Reached XP level 6. HP: 28/32 MP: 10/17
  4092 | D:5      | Entered Level 5 of the Dungeon
  4278 | D:5      | Noticed a sky beast
  4290 | D:5      | Killed a sky beast
  4291 | D:5      | Reached skill level 7 in Spellcasting
  4291 | D:5      | Reached XP level 7. HP: 36/36 MP: 8/19
  4552 | D:5      | Found a hazy altar of Hepliaklqana.
  4557 | D:5      | Noticed Edmund
  4563 | D:5      | Killed Edmund
  4564 | D:5      | Reached skill level 8 in Spellcasting
  4706 | D:5      | Reached XP level 8. HP: 41/41 MP: 17/22
  5035 | D:5      | Reached skill level 9 in Spellcasting
  5171 | D:5      | Found a broken altar of Ashenzari.
  5515 | D:6      | Found a staircase to the Ecumenical Temple.
  5567 | D:6      | Identified the +2 short sword "Ypnyriv" {vorpal, *Noise
                  | Int+4 Dex+4}
  6285 | Temple   | Entered the Ecumenical Temple
  6460 | Temple   | Became a worshipper of Vehumet
  6509 | Temple   | Gained mutation: You sometimes lose the ability to read
                  | scrolls when taking damage. [potion of mutation]
  6581 | D:7      | Noticed Maggie
  6585 | D:7      | Reached skill level 10 in Spellcasting
  6590 | D:7      | Killed Maggie
  6591 | D:7      | Reached XP level 9. HP: 34/45 MP: 9/25
  6593 | D:7      | Reached skill level 10 in Conjurations
  6734 | D:7      | Identified the +0 plate armour of Yprusk {Rampage *Slow
                  | rElec rPois}
  6810 | D:7      | Reached skill level 1 in Fighting
  6987 | D:7      | Reached skill level 11 in Spellcasting
  6987 | D:7      | Reached skill level 5 in Hexes
  7786 | D:8      | Noticed Maurice
  7798 | D:8      | Killed Maurice
  7993 | D:8      | Found a snail-covered altar of Cheibriados.
  7994 | D:8      | Lost mutation: You sometimes lose the ability to read
                  | scrolls when taking damage. [potion of mutation]
  7994 | D:8      | Gained mutation: You are weak. (Str -2) [potion of
                  | mutation]
  7994 | D:8      | Gained mutation: You expend magic power (3 MP) to
                  | strengthen your wands. [potion of mutation]
  7994 | D:8      | Gained mutation: You have a pair of small horns on your
                  | head. [potion of mutation]
  8439 | D:9      | Found a stormy altar of Qazlal.
  8575 | D:9      | Noticed a two-headed ogre
  8579 | D:9      | Reached skill level 12 in Spellcasting
  8583 | D:9      | Reached * piety under Vehumet
  8583 | D:9      | Offered knowledge of Foxfire by Vehumet.
  8587 | D:9      | Reached XP level 10. HP: 18/52 MP: 1/28
  8587 | D:9      | Slain by a two-headed ogre

Illustrated notes

Levels and vault maps discovered:
D:1:      nicolae_arrival_somewhat_less_tricky_arrival, layout_basic
D:2:      layout_basic, hellmonk_ecumenical_altar_dog_temple
D:3:      layout_loops_ring, marbit_many_paths, serial_shops, shop_statue
D:4:      layout_rooms, dk_rats_in_the_wall
D:5:      minmay_general_purpose_star, layout_basic,
          mainiacjoe_overflow_big_doors, uniq_edmund
D:6:      layout_basic, minmay_temple_entry_statues
D:7:      layout_loops_ring, uniq_maggie
D:8:      layout_gridville, cheibrodos_worm_habitat, minmay_misc_feat_x,
          uniq_maurice
D:9:      layout_grid_maze, lemuel_crystal_altar
Temple:   regret_index_temple_sphere_string

Skill      XL: |  1  2  3  4  5  6  7  8  9 |
---------------+----------------------------+-----
Conjurations   | 5 6 7 8 9 11 | 11.2
Spellcasting   | 4 5 6 7 8 10 12 | 12.3
Hexes          | 1 3 4 6 |  6.5
Fighting       | 1 |  1.0
Dodging        | |  2.4
Stealth        | |  2.4

Action                   |  1- 3 |  4- 6 |  7- 9 | 10-12 || total
-------------------------+-------+-------+-------+-------++-------
Melee: Staff             |     4 |       |       |       ||     4
 Cast: Magic Dart        |    68 |    61 |    79 |     1 ||   209
       Searing Ray       |     6 |     7 |    37 |       ||    50
       Fulminant Prism   |       |       |    32 |       ||    32
Evoke: Wand              |       |       |     1 |       ||     1
  Use: Scroll            |       |     8 |       |       ||     8
       Potion            |       |       |     6 |       ||     6
Armor: Robe              |       |     2 |     4 |       ||     6
Dodge: Dodged            |     6 |    12 |    25 |     1 ||    44

Table legend: (Time is in decaauts)
 A = Elapsed time spent in this place.
 B = Non-inter-level travel time spent in this place.
 C = Inter-level travel time spent in this place.
 D = Time resting spent in this place.
 E = Time spent auto-exploring this place.
 F = Levels seen in this place.
 G = Mean time per level.
                   A        B        C        D        E       F      G
               +--------+--------+--------+--------+--------+-----+--------+
         Total |   8579 |   7962 |    617 |   1364 |   5744 |  10 |  857.9 |
       Dungeon |   8342 |   7825 |    517 |   1361 |   5618 |   9 |  926.9 |
        Temple |    237 |    137 |    100 |      3 |    126 |   1 |  237.0 |
               +--------+--------+--------+--------+--------+-----+--------+

Top non-repeatable levels by time:
     D:3: 1324 daAuts
     D:5: 1266 daAuts
     D:2: 1033 daAuts
     D:6: 970 daAuts
     D:7: 963 daAuts
     D:8: 876 daAuts
     D:1: 872 daAuts
     D:4: 861 daAuts
  Temple: 237 daAuts
     D:9: 172 daAuts
